 Dungeon Crawl Stone Soup version 0.19-a0-687-g35db334 (webtiles) character file.

91 LORDOFBUTT the Shield-Bearer (level 4, 0/40 HPs)
             Began as a Minotaur Fighter on June 19, 2016.
             Slain by an ogre
             ... wielding a +0 giant club
              (13 damage)
             ... on level 5 of the Dungeon.
             The game lasted 00:01:46 (1952 turns).

LORDOFBUTT the Shield-Bearer (Minotaur Fighter)     Turns: 1952, Time: 00:01:46

Health: 0/40       AC:  8    Str: 20    XL:     4   Next: 34%
Magic:  3/3        EV:  9    Int:  5    God:
Gold:   184        SH:  9    Dex: 11    Spells: 0 memorised, 3 levels left

rFire  . . .     SeeInvis .     a - +0 war axe
rCold  . . .     Gourm    .     j - +3 ring mail
rNeg   . . .     Faith    .     c - +0 shield
rPois  .         Spirit   .     (helmet restricted)
rElec  .         Dismiss  .     (no cloak)
rCorr  .         Reflect  .     (no gloves)
SustAt .         Harm     .     (no boots)
MR     .....                    (no amulet)
Stlth  +.........               (no ring)
                                (no ring)

@: not resistant to hostile enchantments, very unstealthy
A: retaliatory headbutt, horns 2
a: no special abilities


You were on level 5 of the Dungeon.
You were not hungry.

You visited 1 branch of the dungeon, and saw 5 of its levels.

You collected 184 gold pieces.

Inventory:

Hand Weapons
 a - a +0 war axe (weapon)
Armour
 c - a +0 shield (worn)
 j - a +3 ring mail (worn)
Jewellery
 t - a +2 ring of strength {unknown}
Scrolls
 b - a scroll of fog {unknown}
 h - 2 scrolls of teleportation {unknown}
 i - a scroll of identify
 k - a scroll of fear {unknown}
 m - a scroll of noise {unknown}
 o - a scroll of enchant weapon {unknown}
 p - a scroll of immolation {unknown}
 r - a scroll of recharging {unknown}
 w - 2 scrolls of remove curse {unknown}
 x - a scroll of random uselessness {unknown}
 y - a scroll of enchant armour {unknown}
 C - a scroll of magic mapping {unknown}
Potions
 d - a potion of might
 e - 4 potions of curing
 g - a potion of degeneration
 l - a potion of heal wounds
 n - a potion of mutation {unknown}
 q - a potion of brilliance {unknown}
 u - a potion of cancellation {unknown}
 z - a potion of flight {unknown}
 A - a potion of lignification {unknown}
Comestibles
 f - a bread ration
 s - a royal jelly
 v - a meat ration
 B - 3 fruits


   Skills:
 + Level 4.1 Fighting
 + Level 3.2 Axes
 + Level 4.3 Armour
 + Level 1.5 Dodging
 + Level 4.6 Shields


You had 3 spell levels left.
You didn't know any spells.

Dungeon Overview and Level Annotations

Branches:
Dungeon (6/15)
 Temple: D:4-7

Altars:
Nemelex Xobeh
Ru
Sif Muna


Innate Abilities, Weirdness & Mutations

You reflexively headbutt those who attack you in melee.
You have a pair of horns on your head.


Message History

The ogre shouts!
Found 14 gold pieces.
An ogre is nearby!
An ogre is nearby!
An ogre is nearby!
Found 9 gold pieces.
A giant cockroach comes into view.
The giant cockroach bites you but does no damage.
You hit the giant cockroach but do no damage.
You block the giant cockroach's attack. The giant cockroach bites you.
You hit the giant cockroach.
You kill the giant cockroach!
You barely miss the ogre. You block the ogre's attack.
You slash the ogre!
The ogre is moderately wounded.
The ogre barely misses you. The ogre hits you with a giant club!!
You closely miss the ogre.
The ogre is moderately wounded.
The ogre hits you with a giant club!
You die...

#...#
########...#
........>..#
#.####..#.#
..##..# # ##
#.##..# ..
#.##..# #
#.###.#.##..#..$#
......O@........#
#.....#..$......+
.......####.....#
...$... .......
####... ..?....
#... ####### #...
....


You could see an ogre.

Vanquished Creatures
  3 adders
  An ooze (D:2)
  2 worms
  A dart slug (D:1)
  2 giant geckos
  5 giant cockroaches
  5 goblins
  6 hobgoblins (D:1)
  3 jackals (D:1)
  A quokka (D:2)
  A ball python (D:3)
  5 bats
  2 giant newts
  5 kobolds
  7 rats
49 creatures vanquished.

Notes
Turn   | Place    | Note
--------------------------------------------------------------
     0 | D:1      | LORDOFBUTT the Minotaur Fighter began the quest for the Orb.
     0 | D:1      | Reached XP level 1. HP: 19/19 MP: 0/0
   106 | D:1      | Found a sparkling altar of Nemelex Xobeh.
   126 | D:1      | Reached XP level 2. HP: 27/27 MP: 1/1
   455 | D:1      | Reached XP level 3. HP: 33/33 MP: 2/2
   917 | D:2      | Reached skill level 1 in Dodging
  1516 | D:2      | Found a deep blue altar of Sif Muna.
  1605 | D:2      | Found a sacrificial altar of Ru.
  1832 | D:3      | Reached XP level 4. HP: 37/40 MP: 3/3
  1906 | D:3      | You fall through a shaft for 3 floors!
  1939 | D:5      | Entered Level 5 of the Dungeon
  1944 | D:5      | Noticed an ogre
  1952 | D:5      | Slain by an ogre

Vault maps used:
D:1:      dpeg_arrival_triangle_fractal, grunt_decor_arrowhead, minivault_27,
          hangedman_glass_teeth, nemelex_xobeh_ov_fountains_minmay
D:2:      nicolae_ru_the_path_less_chosen, lemuel_blue_sif_altar, minivault_27
D:3:      fedhas_altar_1, st_stairs_11, uniq_natasha, uniq_sigmund
D:5:      lemuel_ice_spiral_2, grunt_temple_overflow_champion_of_chaos,
          first_bread, serial_shops, shop, item_on_display_b, uniq_eustachio
D:6:      yredelemnul_altar_generic, kennysheep_little_box,
          grunt_qazlal_sundering

Skill      XL: |  1  2  3  4 |
---------------+-------------+-----
Shields        | 4 |  4.6
Armour         | 4 |  4.3
Dodging        | 1 |  1.5
Fighting       | 4 |  4.1
Axes           | 3 |  3.2

Action                   |  1- 3 |  4- 6 || total
-------------------------+-------+-------++-------
Melee: War axe           |    92 |    13 ||   105
       Headbutt          |    10 |     3 ||    13
  Use: Scroll            |       |     3 ||     3
  Eat: Beef jerky        |     2 |       ||     2
Armor: Scale mail        |    16 |       ||    16
       Ring mail         |    36 |     2 ||    38
Dodge: Dodged            |    30 |     6 ||    36
Block: Shield            |    55 |     3 ||    58
